 Dungeon Crawl Stone Soup version 0.30.1-11-g7821555f0a (webtiles) character file.

Game seed: 7971526538751487932

25041 tkbsonic5 the Covert (level 13, -3/82 HPs)
             Began as a Kobold Fighter on Dec 4, 2023.
             Was a High Priest of Okawaru.
             Slain by a five-headed hydra (12 damage)
             ... on level 3 of the Lair of Beasts on Dec 10, 2023.
             The game lasted 00:59:35 (19310 turns).

tkbsonic5 the Covert (Kobold Fighter)              Turns: 19310, Time: 00:59:38

Health: -3/82      AC: 21    Str: 21    XL:     13   Next: 47%
Magic:  19/19      EV: 12    Int: 14    God:    Okawaru [*****.]
Gold:   150        SH:  5    Dex: 16    Spells: 12/12 levels left

rFire   + . .        Q - +10 long sword of Leshym {vamp, Fragile rF+ Int+3}
rCold   . . .        c - +0 buckler
rNeg    . . .        y - +3 plate armour
rPois   .            (no helmet)
rElec   .            j - +2 cloak
rCorr   .            w - +1 pair of gloves
SInv    .            o - +0 pair of boots
Will    +....        p - amulet of faith
Stlth   +            h - +6 ring of strength
HPRegen 0.33/turn    D - ring of willpower
MPRegen 0.16/turn

%: faith
@: mighty, hasted, very quick
A: small, no large weapons, nightstalker 3
a: Renounce Religion, Heroism, Finesse, Duel


You were on level 3 of the Lair of Beasts.
You worshipped Okawaru.
Okawaru was extremely pleased with you.
You visited 3 branches of the dungeon, and saw 15 of its levels.

You collected 1248 gold pieces.
You spent 1098 gold pieces at shops.

Inventory:

Hand Weapons
 r - the +5 hand axe "Siacof" {flame, rCorr}
   (You found it on level 5 of the Dungeon)

   rCorr:     It protects you from acid and corrosion.
 s - a +2 flail of holy wrath
 G - a +1 dagger of venom
 J - a +2 spear of venom
 P - a +6 rapier of flaming
 Q - the +10 long sword of Leshym (weapon) {vamp, Fragile rF+ Int+3}
   (You bought it in a shop on level 4 of the Dungeon)

   Int:       It affects your intelligence (+3).
   rF:        It protects you from fire.
   Fragile:   It will be destroyed if unequipped.
 R - a +2 antimagic broad axe
 S - a +1 rapier of venom
 V - the +3 sling of Osko {antimagic, rF++ rCorr Int+2 Stlth-}
   (Okawaru gifted it to you on level 3 of the Lair of Beasts)

   Int:       It affects your intelligence (+2).
   rF:        It greatly protects you from fire.
   rCorr:     It protects you from acid and corrosion.
   Stlth:     It makes you less stealthy.
Missiles
 m - 4 boomerangs (quivered)
 u - 15 poisoned darts
 M - 4 atropa-tipped darts
 X - a throwing net
 Y - 2 curare-tipped darts
Armour
 b - a +0 scale mail
 c - a +0 buckler (worn)
 i - a +0 leather armour
 j - a +2 cloak (worn)
 o - a +0 pair of boots (worn)
 w - a +1 pair of gloves (worn)
 y - a +3 plate armour (worn)
 E - a +0 chain mail
Magical Staves
 n - a staff of air
Jewellery
 a - a ring of ice
 h - a +6 ring of strength (left hand)
 p - an amulet of faith (around neck)
 z - a ring of see invisible
 C - a ring of protection from cold
 D - a ring of willpower (right hand)
 H - an amulet of reflection
 L - a ring of magical power
 Z - an amulet of the acrobat
Wands
 d - a wand of acid (1)
 f - a wand of polymorph (6)
 l - a wand of mindburst (8)
 v - a wand of iceblast (2)
 B - a wand of paralysis (5)
 I - a wand of flame (7)
Scrolls
 g - 2 scrolls of teleportation
 k - a scroll of torment
 x - a scroll of immolation
 A - a scroll of silence
 N - a scroll of identify
Potions
 e - 4 potions of flight
 q - 3 potions of ambrosia
 F - 3 potions of mutation
 O - a potion of brilliance


   Skills:
 * Level 9.8 Fighting
 * Level 4.0 Long Blades
 - Level 5.9(6.4) Axes
 - Level 3.5(5.2) Polearms
 + Level 2.1 Ranged Weapons
 + Level 7.4 Throwing
 + Level 4.8 Armour
 + Level 9.6 Dodging
 - Level 10.5 Stealth
 - Level 5.3 Shields
 + Level 8.0 Invocations
 + Level 7.7 Evocations


You had 12 spell levels left.
You didn't know any spells.
Your spell library was empty.

Dungeon Overview and Level Annotations

Branches:
Dungeon (11/15)            Temple (1/1) D:5            Lair (3/5) D:10
 Shoals (0/4) Lair:2       Spider (0/4) Lair:3          Orc (0/2) D:10

Altars:
Ashenzari
Cheibriados
Dithmenos
Elyvilon
Fedhas
Gozag
Hepliaklqana
Kikubaaqudgha
Makhleb
Nemelex Xobeh
Okawaru
Qazlal
Ru
Sif Muna
Trog
Uskayaw
Wu Jian
Xom
Yredelemnul
The Shining One

Shops:
D:4 =!(?*

Annotations:
D:3 2 transporters, 3 runed translucent doors, Crazy Yiuf; booth's ghost, amateur HOMo
D:5 1 runed translucent door, Psyclone's ghost, amateur DECj


Innate Abilities, Weirdness & Mutations

You are small and have problems with some larger weapons.
You are completely attuned to the shadows.


Message History

The seven-headed hydra misses you. The seven-headed hydra bites you.
* * * LOW HITPOINT WARNING * * *
Okay, then.
Okay, then.
Okay, then.
Aiming: Corrosive Bolt
Press: ? - help, Shift-Dir - straight line, f/p - seven-headed hydra
Aim: a seven-headed hydra (severely wounded, covered in acid, 91% to hit)
The bolt of acid hits the seven-headed hydra!!
The seven-headed hydra seems to be corroded for longer.
You kill the seven-headed hydra!
Okawaru is honoured by your kill.
You can now enter into single combat with a foe.
Okawaru will now gift you equipment as you gain piety.
Your Ranged Weapons skill increases to level 2!
Okay, then.
Aiming: Corrosive Bolt
Press: ? - help, Shift-Dir - straight line, f - five-headed hydra
Aim: a five-headed hydra (91% to hit)
The bolt of acid hits the five-headed hydra!!
The five-headed hydra is moderately wounded.
Aiming: Corrosive Bolt
Press: ? - help, Shift-Dir - straight line, f/p - five-headed hydra
Aim: a five-headed hydra (moderately wounded, 91% to hit)
The bolt of acid misses the five-headed hydra.
You block the five-headed hydra's attack.
The five-headed hydra bites you but does no damage.
The five-headed hydra bites you.
* * * LOW HITPOINT WARNING * * *
The five-headed hydra barely misses you.
The five-headed hydra bites you.
* * * LOW HITPOINT WARNING * * *
Aiming: Corrosive Bolt
Press: ? - help, Shift-Dir - straight line, f/p - five-headed hydra
Aim: a five-headed hydra (moderately wounded, 91% to hit)
The bolt of acid hits the five-headed hydra!!
The five-headed hydra is severely wounded.
You block the five-headed hydra's attack.
The five-headed hydra bites you!
You die...

##..# .....>.# ##..##
........ #..## ........
##.#.# ........## #..###
.....(..ยง# ##..#
..[...D#####...####
....D...###P..###P#
.....####@#.......#####
.....#.###D...........#
......#...............###
##......P.....[.........#
##...##................#
#####..###................#
#.##...###.............)..#
##.....P##................##
##......###.................#


You could see a five-headed hydra.

Vanquished Creatures
  2 hydras
  4 death yaks (Lair:3)
  Urug (Lair:1)
  4 elephants (Lair:2)
  Joseph (D:9)
  A manticore (Lair:2)
  A rime drake (Lair:2)
  2 gargoyles
  2 cane toads
  An unseen horror (D:11)
  6 komodo dragons
  3 polar bears
  3 trolls (D:11)
  A wind drake (Lair:2)
  7 blink frogs
  4 wyverns
  Eustachio (D:6)
  27 yaks
  A basilisk (Lair:1)
  11 vampire mosquitoes
  Grum (D:8)
  Menkaure (D:7)
  2 acid dragons
  A swamp worm (Lair:3)
  4 water moccasins
  10 orc warriors
  4 ice beasts
  2 black bears
  12 wolves
  5 centaurs
  An ogre (D:6)
  A kobold brigand (D:10)
  5 bullfrogs
  A gnoll sergeant (D:10)
  14 wights
  6 killer bees
  2 howler monkeys
  7 crimson imps (D:9)
  2 jellies
  4 hounds
  10 orc priests
  3 iguanas
  10 orc wizards
  8 gnolls
  11 adders
  2 river rats (D:4)
  2 shadow imps
  5 white imps
  An ufetubus (D:4)
  2 worms
  55 orcs
  4 bats
  5 endoplasms
  6 giant cockroaches
  3 goblins
  5 hobgoblins
  2 jackals (D:1)
  2 quokkas
  5 ball pythons
  16 kobolds
  9 rats
334 creatures vanquished.

Notes
Turn   | Place    | Note
-------+----------+-------------------------------------------
     0 | D:1      | tkbsonic5 the Kobold Fighter began the quest for the Orb.
     0 | D:1      | Reached XP level 1. HP: 14/14 MP: 1/1
   248 | D:1      | Reached skill level 1 in Stealth
   289 | D:1      | Reached XP level 2. HP: 19/19 MP: 2/2
  1202 | D:1      | Reached XP level 3. HP: 20/23 MP: 3/3
  1304 | D:2      | Found a faded altar of an unknown god.
  1384 | D:2      | Reached skill level 2 in Stealth
  2153 | D:3      | Found a transporter.
  2155 | D:3      | Found a transporter.
  2156 | D:3      | Noticed booth's ghost (amateur HOMo)
  2221 | D:3      | Found a large runed translucent door.
  2221 | D:3      | Found a large runed translucent door.
  2366 | D:3      | Reached XP level 4. HP: 28/28 MP: 4/4
  2619 | D:3      | Identified the +5 dire flail of the Evil Eye {heavy, rElec}
  2619 | D:3      | Noticed an ogre
  2700 | D:3      | Found a runed translucent door.
  2703 | D:3      | Noticed Crazy Yiuf
  2866 | D:3      | Found a bloodstained altar of Trog.
  2940 | D:3      | Reached skill level 3 in Stealth
  3092 | D:4      | Reached XP level 5. HP: 33/33 MP: 5/5
  3346 | D:4      | Found a glowing drain.
  3373 | D:4      | Found Naclisk's Jewellery Shoppe.
  3511 | D:4      | Found Qorphepo's Distillery.
  3516 | D:4      | Bought a potion of curing for 39 gold pieces
  3516 | D:4      | Bought a potion of curing for 39 gold pieces
  3539 | D:4      | Found Vustapn's Antique Weapon Shoppe.
  3601 | D:4      | Found Muki Mynk's General Store.
  3607 | D:4      | Bought a potion of curing for 42 gold pieces
  3779 | D:4      | Found Suiq's Magic Scroll Shop.
  3954 | D:4      | Reached skill level 4 in Stealth
  4254 | D:4      | Reached skill level 1 in Dodging
  4254 | D:4      | Reached XP level 6. HP: 38/38 MP: 6/6
  4293 | D:5      | Entered Level 5 of the Dungeon
  4810 | D:5      | Found a staircase to the Ecumenical Temple.
  4810 | D:5      | Noticed an ice beast
  4826 | D:5      | Killed an ice beast
  4827 | D:5      | Reached skill level 1 in Throwing
  4833 | Temple   | Entered the Ecumenical Temple
  5179 | Temple   | Became a worshipper of Warmaster Okawaru
  5289 | D:5      | Reached XP level 7. HP: 41/43 MP: 7/7
  5770 | D:5      | Found a basalt altar of Yredelemnul.
  5774 | D:5      | Found a shadowy altar of Dithmenos.
  5830 | D:5      | Noticed a water moccasin
  5832 | D:5      | Killed a water moccasin
  5833 | D:5      | Reached skill level 5 in Stealth
  6051 | D:5      | Found a runed translucent door.
  6051 | D:5      | Noticed Psyclone's ghost (amateur DECj)
  6068 | D:5      | Identified the +5 hand axe "Siacof" {flame, rCorr}
  6456 | D:6      | Reached skill level 1 in Axes
  6456 | D:6      | Reached XP level 8. HP: 41/48 MP: 8/8
  6512 | D:6      | Reached skill level 6 in Stealth
  6512 | D:6      | Reached * piety under Okawaru
  6815 | D:6      | Noticed Eustachio
  6823 | D:6      | Killed Eustachio
  6824 | D:6      | Reached skill level 5 in Fighting
  6824 | D:6      | Reached skill level 7 in Stealth
  6856 | D:6      | Reached ** piety under Okawaru
  7195 | D:7      | Noticed Menkaure
  7199 | D:7      | Killed Menkaure
  7200 | D:7      | Reached skill level 5 in Dodging
  7200 | D:7      | Reached skill level 1 in Invocations
  7200 | D:7      | Reached XP level 9. HP: 54/54 MP: 9/9
  7680 | D:8      | Reached skill level 1 in Evocations
  7912 | D:8      | Reached *** piety under Okawaru
  7920 | D:8      | Reached skill level 8 in Stealth
  8382 | D:8      | Reached XP level 10. HP: 50/60 MP: 12/12
  8698 | D:8      | Paralysed by a hornet for 1 turns
  8711 | D:8      | Reached skill level 9 in Stealth
  8889 | D:8      | Noticed Grum
  8897 | D:8      | Killed Grum
  8919 | D:8      | Reached **** piety under Okawaru
  9119 | D:8      | Received a gift from Okawaru
  9837 | D:9      | Noticed Joseph
  9849 | D:9      | Killed Joseph
  9850 | D:9      | Reached skill level 10 in Stealth
  9850 | D:9      | Reached skill level 5 in Invocations
  9850 | D:9      | Reached XP level 11. HP: 22/66 MP: 7/14
 10327 | D:9      | Paralysed by a wight for 4 turns
 10464 | D:9      | Found a burning altar of Makhleb.
 10466 | D:9      | Found a broken altar of Ashenzari.
 10485 | D:9      | Found a glowing golden altar of the Shining One.
 10703 | D:10     | Entered Level 10 of the Dungeon
 10728 | D:10     | Reached skill level 5 in Axes
 10728 | D:10     | Reached skill level 5 in Throwing
 10898 | D:10     | Found a staircase to the Lair.
 11073 | D:10     | Found a staircase to the Orcish Mines.
 11138 | D:10     | Reached skill level 5 in Shields
 12262 | D:10     | Reached skill level 5 in Evocations
 13703 | D:11     | Received a gift from Okawaru
 13714 | D:11     | HP: 3/67 [troll (8)]
 14270 | Lair:1   | Entered Level 1 of the Lair of Beasts
 14631 | Lair:1   | Reached XP level 12. HP: 35/72 MP: 13/16
 15026 | Lair:1   | Noticed Urug
 15035 | Lair:1   | Killed Urug
 15035 | Lair:1   | Received a gift from Okawaru
 15391 | Lair:1   | Found a burning altar of Makhleb.
 16116 | D:4      | Bought a glowing rapier for 154 gold pieces
 16116 | D:4      | Bought a jewelled long sword for 187 gold pieces
 16116 | D:4      | Identified the +10 long sword of Leshym {vamp, Fragile rF+
                  | Int+3} (You bought it in a shop on level 4 of the Dungeon)
 16116 | D:4      | Bought a runed broad axe for 154 gold pieces
 16116 | D:4      | Bought a runed rapier for 154 gold pieces
 16209 | D:4      | Bought a scroll of enchant armour for 82 gold pieces
 16209 | D:4      | Bought a scroll of enchant armour for 82 gold pieces
 16209 | D:4      | Bought 3 scrolls of teleportation for 99 gold pieces
 16209 | D:4      | Bought a scroll of identify for 22 gold pieces
 16209 | D:4      | Bought a scroll of fog for 44 gold pieces
 16875 | Lair:2   | Reached skill level 1 in Long Blades
 16918 | Lair:2   | Found a staircase to the Shoals.
 17053 | Lair:2   | Noticed a five-headed hydra
 17057 | Lair:2   | Killed a five-headed hydra
 17057 | Lair:2   | Received a gift from Okawaru
 17302 | Lair:2   | Received a gift from Okawaru
 17538 | Lair:2   | Received a gift from Okawaru
 17826 | Lair:2   | Found a blossoming altar of Fedhas.
 17981 | Lair:3   | Noticed a death yak
 17985 | Lair:3   | Noticed a death yak
 18002 | Lair:3   | Noticed a death yak
 18003 | Lair:3   | Noticed a death yak
 18007 | Lair:3   | Killed a death yak
 18007 | Lair:3   | Reached ***** piety under Okawaru
 18008 | Lair:3   | Reached XP level 13. HP: 52/80 MP: 18/18
 18141 | Lair:3   | Found a hole to the Spider Nest.
 18346 | Lair:3   | Found a frozen archway.
 18613 | Lair:3   | Identified the +3 sling of Osko {antimagic, rF++ rCorr
                  | Int+2 Stlth-} (Okawaru gifted it to you on level 3 of the
                  | Lair of Beasts)
 18613 | Lair:3   | Received a gift from Okawaru
 18863 | Lair:3   | Reached skill level 1 in Ranged Weapons
 19284 | Lair:3   | Noticed a five-headed hydra
 19284 | Lair:3   | Noticed a seven-headed hydra
 19307 | Lair:3   | Killed a seven-headed hydra
 19310 | Lair:3   | Slain by a five-headed hydra

Illustrated notes

Levels and vault maps discovered:
D:1:      onia_arrival_pentagram, layout_loops_corners, corexii_hall_statues_x,
          serial_bayou_lake_a
D:2:      layout_basic, nicolae_ecumenical_pavilion
D:3:      layout_basic, jmf_multi_god_temple2,
          mainiacjoe_overflow_surrounded_room, gammafunk_ghost_smash,
          uniq_crazy_yiuf_cottage
D:4:      layout_layer_cave, serial_shops, nicolae_lakefront_shop,
          nicolae_shop_hallway_stairs, shop,
          nicolae_shop_temple_entry_statues_fountains, shop,
          portal_sewer_entry_b
D:5:      nicolae_cairo_tiling_large, layout_basic,
          chequers_temple_overflow_statue_of_worship,
          minmay_temple_entry_junction_2, gammafunk_ghost_grave,
          kennysheep_generic_room_6
D:6:      layout_basic, uniq_eustachio
D:7:      layout_basic, uniq_menkaure
D:8:      layout_loops_cross, special_room [special_room_orc], uniq_grum
D:9:      layout_basic, grunt_temple_overflow_open, minmay_nine_imps,
          uniq_joseph
D:10:     layout_basic, david_lair_shrubbed, minmay_orc_entry_temple_large
D:11:     layout_layer_cave, statue_in_the_mist_lemuel
Temple:   nicolae_temple_bog_church
Lair:1:   layout_regular_city, basic_altar, grunt_forest_small_clearing_treed,
          uniq_urug
Lair:2:   layout_chaotic_city, minmay_shoals_entry_beasts,
          minmay_stone_trees_small, tgw_fedhas
Lair:3:   layout_cave_pods, spider_nest_entry_web_field,
          portal_ice_cave_entry_pillars_2, worms_lemuel

Skill      XL: |  1  2  3  4  5  6  7  8  9 10 11 12 13 |
---------------+----------------------------------------+-----
Stealth        | 1 2 3 4 5 7 8 10 | 10.5
Polearms       | 2 3 |  3.5
Fighting       | 4 5 6 7 9 |  9.8
Dodging        | 1 2 3 5 6 7 8 9 |  9.6
Shields        | 3 4 5 |  5.3
Throwing       | 1 2 3 4 5 6 7 |  7.4
Axes           | 1 2 3 4 5 |  5.9
Invocations    | 1 3 5 6 7 8 |  8.0
Evocations     | 2 4 5 7 |  7.7
Armour         | 3 4 |  4.8
Long Blades    | 2 4 |  4.0
Ranged Weapons | 2 |  2.1

Action                     |  1- 3 |  4- 6 |  7- 9 | 10-12 | 13-15 || total
---------------------------+-------+-------+-------+-------+-------++-------
  Melee: Spear             |   144 |   227 |    61 |       |       ||   432
         Hand axe          |       |       |   163 |   646 |       ||   809
         Long sword        |       |       |       |   114 |   111 ||   225
  Throw: Boomerang         |     2 |     3 |    58 |   114 |    33 ||   210
         Dart              |       |       |     6 |    19 |       ||    25
 Invoke: Heroism           |       |       |     3 |    22 |     4 ||    29
         Finesse           |       |       |       |     8 |     2 ||    10
  Evoke: Wand              |       |       |     6 |    40 |    11 ||    57
    Use: Potion            |       |     4 |     5 |     9 |     6 ||    24
         Scroll            |       |       |    16 |    15 |     6 ||    37
   Stab: Sleeping          |    10 |    11 |     1 |     2 |       ||    24
         Distracted        |       |       |     1 |       |       ||     1
         Paralysed         |       |       |       |    18 |     3 ||    21
 Armour: Scale mail        |    22 |     3 |    33 |       |       ||    58
         Leather armour    |    17 |    46 |       |       |       ||    63
         Skin              |       |       |    29 |       |       ||    29
         Chain mail        |       |       |    31 |   112 |       ||   143
         Plate armour      |       |       |       |   220 |    80 ||   300
  Dodge: Dodged            |    52 |    84 |   109 |   460 |   100 ||   805
  Block: Buckler           |    12 |    51 |    53 |   220 |    60 ||   396
